 Dungeon Crawl Stone Soup version 0.25-a0-100-g33052ceff8 (webtiles) character file.

Game seed: 7826156267748609701, levelgen mode: deterministic

94 RedPan the Chiller (level 4, -3/33 HPs)
             Began as a Draconian Ice Elementalist on Nov 14, 2019.
             Slain by a gnoll
             ... wielding a +1 halberd of chopping
              (5 damage)
             ... on level 2 of the Dungeon.
             The game lasted 00:04:01 (1817 turns).

RedPan the Chiller (Draconian Ice Elementalist)     Turns: 1817, Time: 00:04:01

Health: -3/33      AC:  5    Str: 10    XL:     4   Next: 38%
Magic:  5/9        EV: 12    Int: 17    God:
Gold:   81         SH:  0    Dex: 11    Spells: 8/9 levels left

rFire    . . .     SeeInvis .   g - +2 dagger (venom)
rCold    . . .     Gourm    .   (no shield)
rNeg     . . .     Faith    .   (armour unavailable)
rPois    .         Spirit   .   (helmet restricted)
rElec    .         Reflect  .   (no cloak)
rCorr    .         Harm     .   (no gloves)
MR       .....                  (no boots)
Stlth    ++........             (no amulet)
HPRegen  0.11/turn              (no ring)
MPRegen  0.11/turn              (no ring)

@: no status effects
A: unfitting armour, cold-blooded, AC +5
a: no special abilities


You were on level 2 of the Dungeon.
You were not hungry.

You visited 1 branch of the dungeon, and saw 2 of its levels.

You collected 81 gold pieces.

Inventory:

Hand Weapons
 g - a +2 dagger of venom (weapon)
Scrolls
 d - a scroll of magic mapping {unknown}
 f - a scroll of remove curse {unknown}
Potions
 c - 2 potions of flight {unknown}
 e - 2 potions of haste {unknown}
Comestibles
 b - 3 rations


   Skills:
 - Level 1.7 Dodging
 - Level 1.7 Stealth
 + Level 3.3 Spellcasting
   Level 1.0 Conjurations
 + Level 4.2 Ice Magic


You had 8 spell levels left.
You knew the following spells:

 Your Spells              Type           Power        Failure   Level  Hunger
a - Freeze                Ice            ###.         3%          1    None

Your spell library contained the following spells:

 Spells                   Type           Power        Failure   Level  Hunger
 Throw Frost              Conj/Ice       ##....       9%          2    ##.....
 Ozocubu's Armour         Chrm/Ice       ##......     22%         3    ###....
 Throw Icicle             Conj/Ice       ##......     50%         4    ####...
 Summon Ice Beast         Ice/Summ       ##......     56%         4    ####...


Dungeon Overview and Level Annotations

Branches:
Dungeon (2/15)

Altars:
Wu Jian


Innate Abilities, Weirdness & Mutations

Your plain brown scales are hard. (AC +5)
You cannot fit into any form of body armour.
You are cold-blooded and may be slowed by cold attacks.


Message History

You miss the jackal.
The jackal is severely wounded.
The jackal barely misses you. The gnoll closely misses you.
The jackal bites you.
The jackal bites you but does no damage.
You kill the jackal!
The gnoll barely misses you.
You hit the gnoll.
The gnoll is lightly wounded.
The gnoll hits you with a +1 halberd of chopping!
* * * LOW HITPOINT WARNING * * *
x2
Casting: Freeze (safe; 3% risk of failure)
Confirm with . or Enter, or press ? or * to list all spells.
Aiming: Freeze (safe; 3% risk of failure)
Press: ? - help, Shift-Dir - straight line, f - gnoll
Aim: a gnoll, wielding a +1 halberd of chopping (lightly wounded)
You freeze the gnoll.
The gnoll is heavily wounded.
The gnoll hits you with a +1 halberd of chopping.
You die...

..' #.# #.## ######### #.#.
#.......# #.#. #.......# #.#.
#.......####### ##...
#########.............#######....
#...............@g.........)'....
##.############)......#######....
#.# #.)............# #.... #.#
#.###.#........# #.... #.#
#.....#........# #####
#.#####..#..#........#
#........##.#........#####
########......#######....#
####.##......#....##


You could see a gnoll.

Vanquished Creatures
  3 gnolls (D:2)
  An adder (D:2)
  2 oozes
  2 dart slugs
  2 leopard geckos
  2 giant cockroaches (D:1)
  7 goblins
  5 hobgoblins
  A jackal (D:2)
  9 kobolds
  4 bats
  2 frilled lizards
  4 rats
44 creatures vanquished.

Notes
Turn   | Place    | Note
-------+----------+-------------------------------------------
     0 | D:1      | RedPan the Draconian Ice Elementalist began the quest for
                  | the Orb.
     0 | D:1      | Reached XP level 1. HP: 14/14 MP: 3/3
   241 | D:1      | Reached XP level 2. HP: 20/20 MP: 1/5
   966 | D:1      | Reached XP level 3. HP: 25/26 MP: 7/7
  1457 | D:2      | Found an ornate altar of the Wu Jian Council.
  1517 | D:2      | Reached skill level 4 in Ice Magic
  1522 | D:2      | Reached XP level 4. HP: 7/33 MP: 2/8
  1817 | D:2      | Slain by a gnoll

Levels and vault maps discovered:
D:1:      erik_arrival_cave_to_civilisation [erik_arrival_cave_to_temple],
          layout_basic
D:2:      layout_basic, nicolae_overflow_hidden_temple, kennysheep_another_room,
          st_stairs_9

Skill      XL: |  1  2  3 |
---------------+----------+-----
Spellcasting   | 3 |  3.3
Ice Magic      | 4 |  4.2
Dodging        | |  1.7
Stealth        | |  1.7
Conjurations   | |  1.0

Action                   |  1- 3 |  4- 6 || total
-------------------------+-------+-------++-------
Melee: Dagger            |    89 |     4 ||    93
       Unarmed           |     2 |       ||     2
       Tailslap          |     6 |       ||     6
 Cast: Freeze            |    15 |     7 ||    22
 Stab: Sleeping          |     6 |       ||     6
  Eat: Chunk             |     2 |     1 ||     3
Armor: Skin              |    25 |     3 ||    28
Dodge: Dodged            |    73 |    13 ||    86

Table legend:
 A = Non-vault XP
 B = Vault XP
 C = Vault XP percentage of total XP
 D = Non-vault monster count
 E = Vault monster count
 F = Vault count percentage of total count
                 A         B        C        D         E       F
            +---------+---------+-------+---------+---------+-------
      Total |     129 |       6 |   4.4 |      40 |       4 |   9.1
            +---------+---------+-------+---------+---------+-------
        D:1 |      44 |       3 |   6.4 |      23 |       2 |   8.0
        D:2 |      85 |       3 |   3.4 |      17 |       2 |  10.5
            +---------+---------+-------+---------+---------+-------
